 Dungeon Crawl Stone Soup version 0.30.1-11-g7821555f0a (webtiles) character file.

Game seed: 8972548899655499277

84 greenbean the Cudgeller (level 4, 0/45 HPs)
             Began as a Troll Berserker on Jan 6, 2024.
             Was a Believer of Trog.
             Slain by a gnoll
             ... wielding a +0 halberd
              (10 damage)
             ... on level 4 of the Dungeon.
             The game lasted 00:16:03 (513 turns).

greenbean the Cudgeller (Troll Berserker)            Turns: 513, Time: 00:16:08

Health: 0/45       AC:  4    Str: 27    XL:     4   Next: 23%
Magic:  3/3        EV: 10    Int:  3    God:    Trog [**....]
Gold:   46         SH:  0    Dex:  9    Spells: 3/3 levels left

rFire   . . .        a - +0 mace
rCold   . . .        (no shield)
rNeg    . . .        b - +0 animal skin
rPois   .            (helmet restricted)
rElec   .            (no cloak)
rCorr   .            (gloves unavailable)
SInv    .            (boots unavailable)
Will    .....        (no amulet)
Stlth   +            (no ring)
HPRegen 1.07/turn    (no ring)
MPRegen 0.08/turn

%: no passive effects
@: lethally poisoned (0 -> -1), about to teleport
A: large, unfitting armour, claws 3, regeneration 1, shaggy fur 1, tough skin 1
a: Renounce Religion, Berserk, Trog's Hand


You were on level 4 of the Dungeon.
You worshipped Trog.
Trog was pleased with you.
You visited 1 branch of the dungeon, and saw 4 of its levels.

You collected 46 gold pieces.

Inventory:

Hand Weapons
 a - a +0 mace (weapon)
 c - a +0 club
 d - a +0 whip
 f - a +0 dagger
 i - a +0 falchion
 j - a +0 short sword
 k - a +0 club
 l - a +0 club
 o - a +0 whip
 p - a +0 hand axe
Missiles
 h - 11 stones (quivered)
Armour
 b - a +0 animal skin (worn)
 m - a +0 ring mail
 n - a +0 leather armour
Wands
 s - a wand of acid (7)
Scrolls
 q - a scroll of teleportation
Potions
 e - a potion of brilliance


   Skills:
 + Level 3.0 Fighting
 + Level 3.6 Maces & Flails
 + Level 3.0 Dodging


You had 3 spell levels left.
You didn't know any spells.
Your spell library was empty.

Dungeon Overview and Level Annotations

Branches:
Dungeon (4/15)
 Temple: D:4-7

Altars:
Ashenzari


Innate Abilities, Weirdness & Mutations

You are too large for most types of armour.
You have claws for hands.
Your natural rate of healing is unusually fast.
You are covered in fur. (AC +1)
You have tough skin. (AC +1)


Message History

Things that are here:
18 gold pieces; a quokka corpse You hit the gnoll but do no damage.
An orc comes into view. It is wielding a +0 mace.
You hit the gnoll.
The gnoll is lightly wounded.
The gnoll hits you with a +0 halberd.
You closely miss the gnoll.
The gnoll is lightly wounded.
The gnoll hits you with a +0 halberd.
A dart slug comes into view.
The gnoll hits you from afar with a +0 halberd.
The gnoll hits you with a +0 halberd!
You sock the gnoll!
The gnoll is almost dead.
The gnoll barely misses you. x2
You closely miss the gnoll.
The gnoll is almost dead.
The adder closely misses you.
The gnoll hits you from afar with a +0 halberd.
The gnoll hits you with a +0 halberd!
* * * LOW HITPOINT WARNING * * *
The adder closely misses you.
As you read the scroll of teleportation, it crumbles to dust.
You feel strangely unstable.
A dart slug comes into view.
The gnoll closely misses you. The gnoll misses you.
The adder bites you but does no damage.
It was a potion of curing.
You feel better. The adder bites you.
You are poisoned.
The adder poisons you!
The gnoll hits you from afar with a +0 halberd.
The gnoll barely misses you.
As you read the scroll labelled VEASES LIYGIMN, it crumbles to dust.
You hear a loud clanging noise!
It was a scroll of noise.
You feel sick. The adder bites you. The gnoll hits you with a +0 halberd.
* * * LOW HITPOINT WARNING * * *
The gnoll hits you from afar with a +0 halberd!
You die...

......†......# #.#######..<.....#
.............###................#
.............#...#.###.#.#..#'#.#
...>.............#.....#....#.#.#
.................#.._..#.........
.............#...#.....#......#..
.....#########...#.###.#.########
###.# ###.........# #+
#@#######.. #gSKo.... ##gg.....
g...... ...w... ....... .....w.
.......


You could see 4 gnolls, an adder, 2 dart slugs, an orc and a kobold.

Vanquished Creatures
  6 adders
  A worm (D:3)
  2 orcs (D:3)
  2 ball pythons
  3 bats
  3 endoplasms
  2 goblins
  A hobgoblin (D:4)
  3 quokkas
  2 kobolds
  A rat (D:3)
26 creatures vanquished.

Notes
Turn   | Place    | Note
-------+----------+-------------------------------------------
     0 | D:1      | greenbean the Troll Berserker began the quest for the Orb.
     0 | D:1      | Reached XP level 1. HP: 22/22 MP: 0/0
   118 | D:2      | Reached XP level 2. HP: 29/29 MP: 1/1
   136 | D:2      | Found a faded altar of an unknown god.
   206 | D:2      | Reached XP level 3. HP: 33/36 MP: 2/2
   303 | D:3      | Reached XP level 4. HP: 21/45 MP: 3/3
   358 | D:3      | Reached ** piety under Trog
   496 | D:4      | Found a broken altar of Ashenzari.
   513 | D:4      | Slain by a gnoll

Illustrated notes

Levels and vault maps discovered:
D:1:      tarquinn_simple_flora_water_c, layout_basic
D:2:      layout_rooms, shapermc_ecumenical_altar_acropolis, basic_altar
D:3:      layout_loops_ring, nicolae_qazlal_scattered_showers,
          minmay_misc_feat_diagonals, uniq_natasha, uniq_grinder
D:4:      layout_basic, tso_metal_star, mainiacjoe_overflow_cross_hatched,
          kennysheep_mini, kennysheep_generic_room_10

Skill      XL: |  1  2  3 |
---------------+----------+-----
Maces & Flails | 3 |  3.6
Fighting       | 3 |  3.0
Dodging        | 3 |  3.0

Action                     |  1- 3 |  4- 6 || total
---------------------------+-------+-------++-------
  Melee: Mace              |    87 |    13 ||   100
         Punch             |     1 |       ||     1
         Hand axe          |       |    10 ||    10
 Invoke: Berserk           |     2 |       ||     2
    Use: Scroll            |     1 |     3 ||     4
         Potion            |     1 |     1 ||     2
   Stab: Sleeping          |       |     1 ||     1
 Armour: Animal skin       |    30 |     8 ||    38
  Dodge: Dodged            |    57 |    14 ||    71
